AoeStats
← neb

Black Forest

507613213Analyzed
2v2 RM · 15d ago on Sep 19, 2026· 56m 36s· 4 players
Game mode
Random Map
Map size
Medium (4 player)
Population
200
Speed
Normal
Resources
Standard
Victory
Conquest
Starting age
Dark Age
Ending age
Imperial Age
RankedLock teamsTeams togetherTeam positionsShared explorationLock speedFull tech treeHidden civsTurbo modeCheats
Victory
Defeat
🇨🇦 Mongols · Canada
725
+16
🇨🇦 Persians · Canada
672
+18
🇦🇺 Khmer · Australia
804
-20
🇦🇺 Huns · Australia
641
-14
Ceffenberg88
0:27 Loom
12:09 Feudal Age
12:31 Horse Collar
12:40 Double-Bit Axe
14:19 Wheelbarrow
19:38 Castle Age
18:48 Stone Mining
18:49 Gold Mining
25:30 Hand Cart
28:23 Heavy Plow
29:12 Gold Shaft Mining
29:20 Bow Saw
30:41 Stone Shaft Mining
36:18 Imperial Age
35:11 Coinage
35:06 Ballistics
35:24 Scale Barding Armor
35:20 Scale Mail Armor
35:21 Town Watch
35:37 Husbandry
35:48 Bloodlines
35:55 Cavalier
38:00 Two-Man Saw
36:39 Heavy Camel Rider
37:31 Citadels
38:34 Chemistry
38:49 Crop Rotation
37:41 Light Cavalry
38:59 Hoardings
38:45 Conscription
39:02 Chain Barding Armor
38:57 Chain Mail Armor
38:33 Fletching
38:43 Padded Archer Armor
38:55 Caravan
38:39 Pikeman
39:19 Squires
39:05 Arson
39:07 Gambesons
38:42 Man-at-Arms
40:22 Kamandaran
39:52 Sappers
41:13 Masonry
40:53 Heated Shot
40:25 Hussar
42:05 Plate Barding Armor
41:45 Chain Mail Armor
41:04 Halberdier
42:07 Padded Archer Armor
42:03 Bodkin Arrow
42:19 Forging
43:31 Guilds
43:51 Banking
42:52 Savar
44:15 Elite War Elephant
52:42 Plate Mail Armor
52:28 Leather Archer Armor
52:49 Iron Casting
53:12 Long Swordsman
55:20 Town Patrol
op
0:29 Loom
12:18 Feudal Age
13:37 Wheelbarrow
12:50 Double-Bit Axe
18:06 Castle Age
16:01 Horse Collar
20:04 Heavy Plow
20:53 Fervor
21:16 Heavy Plow
23:10 Bow Saw
28:30 Hand Cart
33:12 Imperial Age
32:01 Gold Mining
32:06 Stone Mining
34:36 Stone Shaft Mining
34:39 Gold Shaft Mining
37:50 Siege Engineers
38:06 Ballistics
38:46 Chemistry
37:57 Fortified Wall
37:57 Onager
39:14 Masonry
39:31 Conscription
39:05 Fletching
39:15 Padded Archer Armor
39:56 Nomads
40:24 Siege Onager
41:54 Heavy Scorpion
43:05 Leather Archer Armor
45:17 Drill
46:11 Town Watch
46:33 Caravan
54:46 Murder Holes
54:42 Guard Tower
54:54 Town Patrol
55:13 Sappers
56:19 Hoardings
55:04 Elite Mangudai
grilly69
12:20 Feudal Age
12:44 Horse Collar
12:52 Double-Bit Axe
13:45 Wheelbarrow
19:06 Gold Mining
19:10 Stone Mining
21:38 Castle Age
22:11 Scale Barding Armor
22:18 Forging
23:25 Bow Saw
25:16 Heavy Plow
26:42 Gold Shaft Mining
27:29 Husbandry
27:41 Bloodlines
34:46 Imperial Age
33:10 Hand Cart
35:01 Caravan
36:50 Two-Man Saw
36:22 Conscription
36:16 Cavalier
37:22 Chain Barding Armor
37:38 Iron Casting
37:22 Paladin
40:21 Plate Barding Armor
40:48 Blast Furnace
neb
1:48 Loom
10:53 Feudal Age
11:19 Double-Bit Axe
11:15 Horse Collar
12:44 Gold Mining
20:26 Castle Age
24:05 Stone Mining
26:12 Gold Shaft Mining
26:00 Heavy Plow
26:11 Bow Saw
26:31 Caravan
31:55 Imperial Age
31:30 Scale Barding Armor
31:35 Forging
31:54 Ballistics
31:45 Fortified Wall
32:22 Stone Shaft Mining
32:31 Wheelbarrow
33:14 Double Crossbow
33:28 Elite Ballista Elephant
34:54 Hand Cart
36:13 Siege Engineers
37:09 Chemistry
37:25 Conscription
40:19 Chain Barding Armor
40:34 Iron Casting
40:02 Husbandry
40:12 Bloodlines
40:56 Murder Holes
44:07 Heavy Scorpion
49:50 Light Cavalry
54:56 Plate Barding Armor
55:52 Blast Furnace
Connection lost

Rejoining the realm…

Still unreachable

The connection could not be restored.

Session expired

The server has moved on; the page needs a fresh start.